 Dungeon Crawl Stone Soup version 0.26-b1-32-g5d43845318 (webtiles) character file.

Game seed: 8376557936093905048

5919 Borgoz the Basher (level 10, -50/63 HPs)
             Began as a Gargoyle Gladiator on Jan 10, 2021.
             Killed from afar by a fire giant (59 damage)
             ... with a bolt of fire
             ... on level 8 of the Dungeon.
             The game lasted 00:12:27 (9028 turns).

Borgoz the Basher (Gargoyle Gladiator)              Turns: 9028, Time: 00:12:28

Health: -50/63     AC: 31    Str: 19    XL:     10   Next: 83%
Magic:  10/10      EV:  9    Int:  8    God:
Gold:   416        SH:  0    Dex: 14    Spells: 9/9 levels left

rFire    . . .     SeeInvis .   b - +2 flail (protect)
rCold    + . .     Faith    .   (no shield)
rNeg     + . .     Spirit   .   w - +2 plate armour {rF+}
rPois    ∞         Reflect  .   c - +0 helmet
rElec    +         Harm     .   t - +0 cloak
rCorr    .         Rampage  .   (no gloves)
Will     .....                  (no boots)
Stlth    ..........             (no amulet)
HPRegen  0.20/turn              n - ring of stealth
MPRegen  0.12/turn              C - ring of ice

@: protection aura, studying Axes
A: negative energy resistance 1, electricity resistance, unbreathing,
petrification resistance, miasma immunity, AC +7
a: no special abilities


You were on level 8 of the Dungeon.
You visited 2 branches of the dungeon, and saw 9 of its levels.
You also visited: Sewer.

You collected 416 gold pieces.

Inventory:

Hand Weapons
 a - the +7 whip "Gargoyle's Regret" {vorpal, +Blink rC- rN++ SInv}
   (You found it on level 6 of the Dungeon)

   It inflicts extra damage upon your enemies.
   It makes you vulnerable to cold.
   It greatly protects you from negative energy.
   It lets you see invisible.
   It lets you blink.
 b - a +2 flail of protection (weapon)
Missiles
 d - 2 throwing nets (quivered)
Armour
 c - a +0 helmet (worn)
 t - a +0 cloak (worn)
 w - a +2 plate armour of fire resistance (worn)
Jewellery
 n - a ring of stealth (left hand)
 C - a ring of ice (right hand)
Wands
 v - a wand of paralysis (6)
Scrolls
 e - a scroll of acquirement {unknown}
 f - 4 scrolls of remove curse
 h - 6 scrolls of identify {unknown}
 i - a scroll of immolation {unknown}
 k - 2 scrolls of magic mapping
 o - 3 scrolls of enchant armour {unknown}
 r - 2 scrolls of amnesia {unknown}
 y - 4 scrolls of teleportation {unknown}
 A - a scroll of fog {unknown}
 B - a scroll of summoning {unknown}
Potions
 g - 3 potions of heal wounds
 j - 2 potions of brilliance {unknown}
 l - 2 potions of curing {unknown}
 m - a potion of might {unknown}
 p - 3 potions of flight {unknown}
 q - a potion of cancellation {unknown}
 s - a potion of magic {unknown}
 u - a potion of ambrosia {unknown}
 z - a potion of lignification {unknown}
 D - 2 potions of degeneration {unknown}
Books
 x - a manual of Axes


   Skills:
 + Level 7.4 Fighting
 * Level 9.8 Maces & Flails
 - Level 1.7 Throwing
 + Level 6.8 Armour
 * Level 8.1 Dodging


You had 9 spell levels left.
You didn't know any spells.
Your spell library contained the following spells:

 Spells                   Type           Power        Failure   Level
 Corona                   Hex            0%           100%        1
 Slow                     Hex            0%           100%        2
 Inner Flame              Hex/Fire       0%           100%        3
 Portal Projectile        Hex/Tloc       0%           100%        3
 Cause Fear               Hex            0%           100%        4
 Leda's Liquefaction      Hex/Erth       0%           100%        4


Dungeon Overview and Level Annotations

Branches:
Dungeon (8/15)             Temple (1/1) D:4           Sewer (visited)
   Lair: D:8-11

Altars:
Ashenzari
Cheibriados
Dithmenos
Elyvilon
Fedhas
Gozag
Hepliaklqana
Kikubaaqudgha
Makhleb
Nemelex Xobeh
Okawaru
Qazlal
Ru
Sif Muna
Trog
Uskayaw
Vehumet
Wu Jian
Xom
Yredelemnul
Zin
The Shining One


Innate Abilities, Weirdness & Mutations

You are resistant to torment.
Your stone body is resilient. (AC +7)
You are immune to poison.
You resist negative energy. (rN+)
You are resistant to electric shocks. (rElec)
You can survive without breathing.
You are immune to petrification.
You are immune to miasma.


Message History

You hit the fire giant.
The fire giant is heavily wounded.
You thump the fire giant!
The fire giant is severely wounded.
The fire giant hits you but does no damage.
You sock the fire giant!
The fire giant is severely wounded.
The fire giant points at you and mumbles some strange words.
The bolt of fire hits you!!
* * * LOW HITPOINT WARNING * * *
The tree burns like a torch!
You hear a bark!
Something shouts, "Run away, thou odious nose-picking hedge-pig!"
You hit the fire giant.
The fire giant is severely wounded.
You hear a shout!
The fire giant gestures at you while chanting.
The bolt of fire hits you!!!
Ouch! That really hurt!
You die...

## # ## ..♣.
♣♣ .♣♣ C.# .♣#
..♣
♣♣♣#.#♣♣♣♣§.#
.♣♣
♣...#...♣@.♣
..♣ ♣...♣.C.♣♣
.♣♣ ###
##'######
..♣#♣♣.♣♣#...#
≈≈.♣♣...♣♣...♣
≈≈...)..)'<8>+
≈≈.♣♣...♣♣...♣
..♣#♣♣.♣♣#...#
.♣♣ ### ##+##


You could see a fire giant.

Vanquished Creatures
  A two-headed ogre (D:8)
  A yaktaur (shapeshifter) (D:8)
  Sigmund (D:4)
  6 yaks
  Eustachio (D:4)
  Edmund (D:6)
  2 ice beasts
  4 orc warriors
  2 sky beasts
  An eye of draining (D:5)
  4 centaurs
  3 phantoms
  A necrophage (D:7)
  3 ogres
  Blork the orc (D:5)
  3 bullfrogs
  A gnoll sergeant (D:6)
  2 scorpions (D:7)
  A howler monkey (D:4)
  A quasit (D:7)
  A bullfrog zombie (D:5)
  A centaur skeleton (D:7)
  8 hounds
  A jelly (D:6)
  8 orc priests
  A bullfrog skeleton (D:7)
  4 iguanas
  7 orc wizards
  Jessica (D:2)
  7 worker ants
  Natasha (thrice) (D:2)
  A hound zombie (D:7)
  2 hound skeletons
  Robin (D:3)
  7 gnolls
  12 adders
  3 shadow imps
  2 white imps
  3 ufetubi
  An ooze (D:5)
  2 adder skeletons
  2 worms
  8 dart slugs
  6 leopard geckos
  22 orcs
  7 giant cockroaches
  20 goblins
  8 hobgoblins
  2 jackals (D:4)
  7 quokkas
  8 ball pythons
  8 bats
  11 frilled lizards
  A giant cockroach zombie (D:5)
  4 kobolds
  2 quokka zombies
  8 rats
240 creatures vanquished.

Notes
Turn   | Place    | Note
-------+----------+-------------------------------------------
     0 | D:1      | Borgoz the Gargoyle Gladiator began the quest for the Orb.
     0 | D:1      | Reached XP level 1. HP: 12/12 MP: 1/1
     6 | D:1      | Noticed a hog
     6 | D:1      | Noticed a salamander
     6 | D:1      | Noticed a black bear
     6 | D:1      | Noticed a lindwurm
    36 | D:1      | Reached XP level 2. HP: 14/17 MP: 2/2
   516 | D:1      | Reached XP level 3. HP: 21/22 MP: 3/3
   781 | D:2      | Reached skill level 1 in Armour
   947 | D:2      | Noticed Natasha
   947 | D:2      | Noticed Jessica
   963 | D:2      | Killed Natasha
   964 | D:2      | Reached XP level 4. HP: 6/27 MP: 4/4
   973 | D:2      | Killed Jessica
  1261 | D:2      | Reached skill level 4 in Maces & Flails
  1306 | D:2      | Found a glowing silver altar of Zin.
  1589 | D:2      | Noticed Natasha
  1593 | D:2      | Found a blossoming altar of Fedhas.
  1595 | D:2      | Killed Natasha
  1596 | D:2      | Reached XP level 5. HP: 29/32 MP: 5/5
  1616 | D:2      | Noticed Natasha
  1632 | D:2      | Killed Natasha
  1779 | D:2      | Found a faded altar of an unknown god.
  1945 | D:2      | Found an opulent altar of Gozag.
  2437 | D:3      | You fall into a shaft and drop 1 floor!
  2478 | D:4      | Reached XP level 6. HP: 30/37 MP: 6/6
  2493 | D:4      | Noticed Eustachio
  2512 | D:4      | Found a staircase to the Ecumenical Temple.
  2538 | D:4      | Killed Eustachio
  2545 | D:4      | Found a glowing drain.
  2554 | Sewer    | Entered a sewer
  2745 | Sewer    | Reached skill level 5 in Maces & Flails
  3002 | Sewer    | Reached XP level 7. HP: 37/42 MP: 7/7
  3379 | Temple   | Entered the Ecumenical Temple
  3702 | D:3      | Noticed Robin
  3710 | D:3      | Killed Robin
  4600 | D:4      | Got a shimmering scale mail
  4611 | D:4      | Identified the +2 scale mail of the Snail {MP+9} (You found
                  | it on level 4 of the Dungeon)
  4715 | D:4      | Noticed Sigmund
  4728 | D:4      | Killed Sigmund
  4729 | D:4      | Reached skill level 6 in Maces & Flails
  4729 | D:4      | Reached skill level 5 in Dodging
  4729 | D:4      | Reached XP level 8. HP: 48/48 MP: 8/8
  5019 | D:5      | Entered Level 5 of the Dungeon
  5555 | D:5      | Noticed a yak
  5565 | D:5      | Killed a yak
  5566 | D:5      | Reached skill level 5 in Fighting
  5566 | D:5      | Reached skill level 7 in Maces & Flails
  5658 | D:5      | Reached XP level 9. HP: 14/54 MP: 9/9
  5949 | D:5      | Noticed Blork the orc
  5965 | D:5      | Killed Blork the orc
  6468 | D:6      | Reached skill level 5 in Armour
  6592 | D:6      | Reached skill level 8 in Maces & Flails
  6711 | D:6      | Noticed Edmund
  6728 | D:6      | Killed Edmund
  6886 | D:6      | Got a bloodstained whip
  6887 | D:6      | Identified the +7 whip "Gargoyle's Regret" {vorpal, +Blink
                  | rC- rN++ SInv} (You found it on level 6 of the Dungeon)
  7221 | D:6      | Reached XP level 10. HP: 55/61 MP: 10/10
  7668 | D:6      | Found a shadowy altar of Dithmenos.
  7791 | D:6      | Reached skill level 9 in Maces & Flails
  8405 | D:7      | Found a glowing golden altar of the Shining One.
  8817 | D:8      | Noticed a two-headed ogre
  8841 | D:8      | Killed a two-headed ogre
  9004 | D:8      | Noticed a fire giant
  9028 | D:8      | Killed from afar by a fire giant

Illustrated notes

Levels and vault maps discovered:
D:1:      onia_arrival_zoo_common, layout_rooms, st_stairs_8,
          serial_bayou_pond_d
D:2:      layout_basic, marbit_many_paths, old_standard_altar,
          chequers_ecumenical_altar_simple, grunt_gozag_breadcrumbs,
          uniq_natasha, uniq_jessica
D:3:      layout_loops_cross, minmay_fountain_box, uniq_robin
D:4:      layout_gridville, minmay_temple_entry_slanted, portal_sewer_entry_d,
          st_stairs_9, uniq_sigmund, uniq_eustachio
D:5:      cheibrodos_fzero, layout_loops_cross, minmay_holes, uniq_blork_the_orc
D:6:      layout_loops_corners, grunt_dithmenos_shadows, minmay_manual_maat,
          uniq_edmund
D:7:      layout_basic, lemuel_coloured_pillars_altar
D:8:      nzn_winding_woodlands_stair_cross [nzn_winding_woodlands_5x15_pool,
          nzn_winding_woodlands_center_garden,
          nzn_winding_woodlands_5x15_pockets, nzn_winding_woodlands_5x5_default,
          nzn_winding_woodlands_hourglass, nzn_winding_woodlands_5x15_twine,
          nzn_winding_woodlands_center_pierced_h,
          nzn_winding_woodlands_5x15_cabin], layout_gridville,
          david_lair_generic, uniq_psyche
Temple:   eino_narrow_crystal_temple

Skill      XL: |  1  2  3  4  5  6  7  8  9 10 |
---------------+-------------------------------+-----
Armour         | 1 2 3 4 5 6 |  6.8
Dodging        | 3 4 5 7 8 |  8.1
Maces & Flails | 4 5 6 7 8 9 |  9.8
Fighting       | 3 4 5 6 7 |  7.4
Throwing       | |  1.7

Action                   |  1- 3 |  4- 6 |  7- 9 | 10-12 || total
-------------------------+-------+-------+-------+-------++-------
Melee: Flail             |   106 |   183 |   182 |     8 ||   479
       Morningstar       |       |       |   228 |       ||   228
       Whip              |       |       |    34 |   256 ||   290
Throw: Throwing net      |     2 |     3 |     2 |       ||     7
  Use: Potion            |     1 |     1 |       |       ||     2
       Scroll            |       |     4 |     2 |       ||     6
 Stab: Held in net/web   |     1 |       |     1 |       ||     2
Armor: Leather armour    |    35 |       |       |       ||    35
       Ring mail         |    24 |   132 |    64 |       ||   220
       Skin              |       |     3 |       |       ||     3
       Scale mail        |       |       |   104 |       ||   104
       Plate armour      |       |       |    62 |   162 ||   224
Dodge: Dodged            |    82 |   200 |   284 |   103 ||   669
